 Dungeon Crawl Stone Soup version 0.28.0-47-ge53b351184 (webtiles) character file.

Game seed: 2866652318402205540

656 Ablot the Cutter (level 7, -3/60 HPs)
             Began as a Gnoll Chaos Knight on Apr 25, 2022.
             Was a Plaything of Xom.
             Slain by a sixfirhy (11 damage)
             ... summoned by a kobold demonologist
             ... on level 5 of the Dungeon.
             The game lasted 00:04:52 (4219 turns).

Ablot the Cutter (Gnoll Chaos Knight)               Turns: 4219, Time: 00:04:54

Health: -3/60      AC:  6    Str: 13    XL:     7   Next: 55%
Magic:  10/10      EV: 12    Int: 12    God:    Xom [*.....]
Gold:   238        SH:  0    Dex: 11    Spells: 11/11 levels left

rFire   . . .      SeeInvis .   a - +0 short sword (chaos)
rCold   . . .      Faith    .   (no shield)
rNeg    . . .      Spirit   .   b - +3 leather armour
rPois   .          Reflect  .   (helmet restricted)
rElec   .          Harm     .   (no cloak)
rCorr   .          Rampage  .   (no gloves)
Will    .....                   (no boots)
Stlth   ++........              (no amulet)
HPRegen 0.20/turn               (no ring)
MPRegen 0.12/turn               (no ring)

@: no status effects
A: fangs 1, strong nose, distributed training, antennae 1, hooves 1
a: Renounce Religion


You were on level 5 of the Dungeon.
You worshipped Xom.
You were a special plaything of Xom.
You visited 1 branch of the dungeon, and saw 5 of its levels.

You collected 238 gold pieces.

Inventory:

Hand Weapons
 a - a +0 short sword of chaos (weapon)
 u - a +0 vorpal hunting sling
Missiles
 c - 169 stones
 f - 69 bolts
 g - 8 boomerangs
 i - 21 poisoned darts (quivered)
 l - 54 arrows
Armour
 b - a +3 leather armour (worn)
 x - a +0 helmet
Magical Staves
 n - a staff of poison
Jewellery
 o - a ring of fire
Wands
 s - a wand of digging (6)
Scrolls
 d - 5 scrolls of identify {unknown}
 h - a scroll of holy word {unknown}
 j - a scroll of fear {unknown}
 m - 2 scrolls of enchant armour {unknown}
 p - a scroll of summoning {unknown}
 q - a scroll of immolation {unknown}
 w - 2 scrolls of enchant weapon {unknown}
Potions
 e - a potion of cancellation {unknown}
 k - a potion of curing
 r - a potion of attraction {unknown}
 t - a potion of haste {unknown}
 v - a potion of mutation {unknown}


   Skills:
 + Level 7.1 Fighting
 + Level 7.1 Short Blades
 + Level 2.5 Long Blades
 + Level 2.5 Axes
 + Level 2.5 Maces & Flails
 + Level 2.5 Polearms
 + Level 2.5 Staves
 + Level 2.5 Slings
 + Level 2.5 Bows
 + Level 2.5 Crossbows
 + Level 2.5 Throwing
 + Level 5.3 Armour
 + Level 3.7 Dodging
 + Level 2.5 Stealth
 + Level 2.5 Shields
 + Level 2.5 Unarmed Combat
 + Level 2.5 Spellcasting
 + Level 2.1 Conjurations
 + Level 2.1 Hexes
 + Level 2.1 Summonings
 + Level 2.1 Necromancy
 + Level 2.1 Translocations
 + Level 2.1 Transmutations
 + Level 2.1 Fire Magic
 + Level 2.1 Ice Magic
 + Level 2.1 Air Magic
 + Level 2.1 Earth Magic
 + Level 2.1 Poison Magic
 + Level 2.8 Invocations
 + Level 2.5 Evocations


You had 11 spell levels left.
You didn't know any spells.
Your spell library contained the following spells:

 Spells                   Type           Power      Damage    Failure   Level
 Hailstorm                Conj/Ice       6%         3d4       78%         4
 Ice Form                 Ice/Tmut       6%         N/A       78%         4
 Dispersal                Tloc           3%         N/A       100%        6
 Simulacrum               Ice/Necr       3%         N/A       100%        6
 Borgnjor's Revivificati  Necr           3%         N/A       100%        8
 Disjunction              Tloc           3%         N/A       100%        8
 Necromutation            Tmut/Necr      3%         N/A       100%        8
 Death's Door             Necr           3%         N/A       100%        9


Dungeon Overview and Level Annotations

Branches:
Dungeon (5/15)             Temple (0/1) D:4

Altars:


Innate Abilities, Weirdness & Mutations

You have very sharp teeth.
Your uncanny sense of smell can sniff out nearby items.
Your experience applies equally to all skills.
You have a pair of small antennae on your head.
You have large cloven feet.


Message History

The kobold demonologist hits you but does no damage.
You completely miss the kobold demonologist.
Your kick misses the kobold demonologist.
The kobold demonologist hits you with a +0 dagger.
You barely miss the kobold demonologist.
You kick the kobold demonologist, but do no damage.
The gnoll sergeant completely misses you.
You barely miss the kobold demonologist.
You kick the kobold demonologist, but do no damage.
The kobold demonologist gestures wildly while chanting.
The gnoll sergeant hits you from afar with a +0 spear.
You hit the kobold demonologist. You burn the kobold demonologist.
Your kick misses the kobold demonologist.
The kobold demonologist is lightly wounded.
The kobold demonologist mumbles some strange words.
The gnoll sergeant hits you from afar with a +0 spear.
You hit the kobold demonologist but do no damage.
The kobold demonologist is poisoned.
Your kick misses the kobold demonologist.
The kobold demonologist is lightly wounded.
A gnoll comes into view. It is wielding a +0 club.
The kobold demonologist casts a spell.
The gnoll shouts!
You closely miss the kobold demonologist.
You kick the kobold demonologist.
Your bite misses the kobold demonologist.
The kobold demonologist is lightly wounded.
The sixfirhy hits you. The sixfirhy shocks you!
The sixfirhy closely misses you.
The soul eater draws from the surrounding life force!
The gnoll sergeant hits you from afar with a +0 spear!
* * * LOW HITPOINT WARNING * * *
The sixfirhy hits you but does no damage.
You miss the kobold demonologist. You punch the kobold demonologist.
The kobold demonologist is moderately wounded.
The sixfirhy hits you!
* * * LOW HITPOINT WARNING * * *
The sixfirhy shocks you!
You die...
Xom cackles wildly! #. #. #. ###. #### #... gg#

#.## #g# #.# #3#
#.# #@# #.# #K#
#.# #5#
###########.# #3#
#...........#
#.###.###########
#.....# #######


You could see a soul eater (summoned), a kobold demonologist (poisoned), a
sixfirhy (summoned), a gnoll sergeant, 2 gnolls and an ufetubus (summoned).

Vanquished Creatures
  An ice beast (D:5)
  A centaur (D:5)
  A phantom (D:4)
  2 bullfrogs
  A water moccasin skeleton (D:5)
  A hound (D:5)
  An iguana (D:5)
  An orc wizard (D:4)
  A howler monkey skeleton (D:4)
  9 adders
  A shadow imp (D:5)
  An adder zombie (D:3)
  A worm (D:2)
  A dart slug (D:2)
  16 orcs
  8 endoplasms
  3 giant cockroaches
  4 goblins
  3 hobgoblins
  2 quokkas
  8 ball pythons
  5 bats
  2 frilled lizards
  9 kobolds
  2 rats
85 creatures vanquished.

Notes
Turn   | Place    | Note
-------+----------+-------------------------------------------
     0 | D:1      | Ablot the Gnoll Chaos Knight began the quest for the Orb.
     0 | D:1      | Reached XP level 1. HP: 23/23 MP: 1/1
   229 | D:1      | Reached XP level 2. HP: 23/29 MP: 2/2
   274 | D:1      | XOM: silly message
   535 | D:1      | XOM: silly message
   670 | D:1      | Found a faded altar of an unknown god.
   759 | D:1      | XOM: silly message
  1088 | D:2      | Reached XP level 3. HP: 32/35 MP: 3/3
  1194 | D:2      | XOM: give mutation
  1194 | D:2      | Gained mutation: You have a pair of small antennae on your
                  | head. [Xom's grace]
  1325 | D:2      | XOM: cloud trail
  1637 | D:2      | XOM: give mutation
  1637 | D:2      | Gained mutation: You have large cloven feet. [Xom's grace]
  1735 | D:3      | Reached skill level 1 in Invocations
  1876 | D:3      | Reached skill level 1 in Long Blades
  1876 | D:3      | Reached skill level 1 in Axes
  1876 | D:3      | Reached skill level 1 in Maces & Flails
  1876 | D:3      | Reached skill level 1 in Polearms
  1876 | D:3      | Reached skill level 1 in Staves
  1876 | D:3      | Reached skill level 1 in Slings
  1876 | D:3      | Reached skill level 1 in Bows
  1876 | D:3      | Reached skill level 1 in Crossbows
  1876 | D:3      | Reached skill level 1 in Throwing
  1876 | D:3      | Reached skill level 1 in Stealth
  1876 | D:3      | Reached skill level 1 in Shields
  1876 | D:3      | Reached skill level 1 in Unarmed Combat
  1876 | D:3      | Reached skill level 1 in Spellcasting
  1876 | D:3      | Reached skill level 1 in Evocations
  1876 | D:3      | Reached XP level 4. HP: 33/41 MP: 5/5
  1883 | D:3      | XOM: noise
  1897 | D:3      | XOM: confusion
  2035 | D:3      | XOM: summons 1 hostile shadow creature
  2124 | D:3      | Noticed a bullfrog
  2128 | D:3      | XOM: destruction
  2129 | D:3      | Killed a bullfrog
  2130 | D:3      | Reached skill level 1 in Conjurations
  2130 | D:3      | Reached skill level 1 in Hexes
  2130 | D:3      | Reached skill level 1 in Summonings
  2130 | D:3      | Reached skill level 1 in Necromancy
  2130 | D:3      | Reached skill level 1 in Translocations
  2130 | D:3      | Reached skill level 1 in Transmutations
  2130 | D:3      | Reached skill level 1 in Fire Magic
  2130 | D:3      | Reached skill level 1 in Ice Magic
  2130 | D:3      | Reached skill level 1 in Air Magic
  2130 | D:3      | Reached skill level 1 in Earth Magic
  2130 | D:3      | Reached skill level 1 in Poison Magic
  2750 | D:4      | Reached XP level 5. HP: 41/47 MP: 6/6
  3157 | D:4      | Reached XP level 6. HP: 31/53 MP: 8/8
  3158 | D:4      | XOM: noise
  3187 | D:4      | XOM: divination: detect creatures
  3271 | D:4      | XOM: cloud trail
  3332 | D:4      | XOM: noise
  3345 | D:4      | Reached skill level 5 in Armour
  3394 | D:4      | XOM: silly message
  3466 | D:4      | Found a staircase to the Ecumenical Temple.
  3828 | D:5      | Entered Level 5 of the Dungeon
  3849 | D:5      | Reached XP level 7. HP: 44/59 MP: 10/10
  3998 | D:5      | XOM: 1-stop teleportation journey
  4205 | D:5      | Noticed a kobold demonologist
  4216 | D:5      | Noticed a sixfirhy
  4217 | D:5      | Noticed a soul eater
  4219 | D:5      | Slain by a sixfirhy

Illustrated notes

Levels and vault maps discovered:
D:1:      ncdulo_wetmaze, layout_rooms, hellmonk_ecumenical_altar_heavens_door
D:2:      layout_basic
D:3:      layout_basic, grunt_decor_fettered, chequers_decorated_corner,
          minmay_three_crescents
D:4:      layout_gridville, minmay_temple_entry_statues_pillars,
          minmay_misc_feat_nine_boxes, patterned_corridor
D:5:      layout_loops_ring

Skill      XL: |  1  2  3  4  5  6  7 |
---------------+----------------------+-----
Invocations    | 1 2 |  2.8
Long Blades    | 1 2 |  2.5
Axes           | 1 2 |  2.5
Maces & Flails | 1 2 |  2.5
Polearms       | 1 2 |  2.5
Staves         | 1 2 |  2.5
Slings         | 1 2 |  2.5
Bows           | 1 2 |  2.5
Crossbows      | 1 2 |  2.5
Throwing       | 1 2 |  2.5
Stealth        | 1 2 |  2.5
Shields        | 1 2 |  2.5
Unarmed Combat | 1 2 |  2.5
Spellcasting   | 1 2 |  2.5
Evocations     | 1 2 |  2.5
Conjurations   | 1 2 |  2.1
Hexes          | 1 2 |  2.1
Summonings     | 1 2 |  2.1
Necromancy     | 1 2 |  2.1
Translocations | 1 2 |  2.1
Transmutations | 1 2 |  2.1
Fire Magic     | 1 2 |  2.1
Ice Magic      | 1 2 |  2.1
Air Magic      | 1 2 |  2.1
Earth Magic    | 1 2 |  2.1
Poison Magic   | 1 2 |  2.1
Dodging        | 3 |  3.7
Armour         | 5 |  5.3
Fighting       | 7 |  7.1
Short Blades   | 7 |  7.1

Action                   |  1- 3 |  4- 6 |  7- 9 || total
-------------------------+-------+-------+-------++-------
Melee: Short sword       |    96 |   166 |    48 ||   310
       Bite              |    11 |    16 |     2 ||    29
       Punch             |     2 |     4 |     1 ||     7
       Kick              |     3 |    42 |     8 ||    53
Throw: Dart              |       |     4 |       ||     4
 Stab: Paralysed         |     1 |       |       ||     1
       Sleeping          |     1 |     2 |     1 ||     4
       Confused          |       |     2 |       ||     2
Armor: Leather armour    |    29 |    49 |    17 ||    95
Dodge: Dodged            |    46 |    80 |    18 ||   144
